 Dungeon Crawl Stone Soup version 0.30.1-11-g7821555f0a (webtiles) character file.

Game seed: 5539856343956287154

4 H0rd4k the Charlatan (level 1, -1/13 HPs)
             Began as an Octopode Artificer on Oct 27, 2023.
             Slain by a ball python (2 damage)
             ... on level 1 of the Dungeon.
             The game lasted 00:00:13 (33 turns).

H0rd4k the Charlatan (Octopode Artificer)             Turns: 33, Time: 00:00:14

Health: -1/13      AC:  1    Str: 11    XL:     1   Next: 70%
Magic:  1/1        EV: 13    Int: 13    God:
Gold:   0          SH:  0    Dex: 12    Spells: 0/0 levels left

rFire   . . .        (no weapon)
rCold   . . .        (no shield)
rNeg    . . .        (helmet restricted)
rPois   .            (no amulet)
rElec   .            (no ring)
rCorr   .            (no ring)
SInv    .            (no ring)
Will    .....        (no ring)
Stlth   +++          (no ring)
HPRegen 0.22/turn    (no ring)
MPRegen 0.07/turn    (no ring)
                     (no ring)

%: no passive effects
@: no status effects
A: almost no armour, amphibious, 8 rings, camouflage 1, gelatinous body 1,
(nimble swimmer 1), tentacles
a: no special abilities


You were on level 1 of the Dungeon.
You visited 1 branch of the dungeon, and saw 1 of its levels.

Inventory:

Wands
 b - a wand of flame (15) (quivered)
 c - a wand of charming (13)
 d - a wand of iceblast (5)


   Skills:
 + Level 1.0 Fighting
 + Level 2.5 Dodging
 - Level 1.3 Stealth
 + Level 3.5 Evocations


You couldn't memorise any spells.
You didn't know any spells.
Your spell library was empty.

Dungeon Overview and Level Annotations

Branches:
Dungeon (1/15)

Altars:


Innate Abilities, Weirdness & Mutations

You cannot wear most types of armour.
You are amphibious.
You can wear up to eight rings at the same time.
Your skin changes colour to match your surroundings (Stealth+).
Your rubbery body absorbs attacks. (AC +1, EV +1)
((You are camouflaged when in or above water. (Stealth+)))
You have tentacles for arms and can constrict up to eight enemies at once.


Message History

The dart slug is heavily wounded.
You constrict the dart slug. You tentacle-slap the dart slug.
The dart slug is almost dead.
You constrict the dart slug.
You kill the dart slug!
A rat comes into view.
You tentacle-slap the giant cockroach but do no damage.
You grab the giant cockroach. You squeeze the giant cockroach.
You kill the giant cockroach!
A gnoll comes into view. It is wielding a +0 whip.
Found a scroll labelled VUHUSCH VAETELI.
There are monsters nearby!
There are monsters nearby!
There are monsters nearby!
The helpless rat fails to defend itself.
You tentacle-slap the rat.
You kill the rat!
The gnoll shouts!
A ball python comes into view.
A frilled lizard comes into view.
The ball python hisses angrily.
The gnoll hits you with a +0 whip.
You completely miss the gnoll. Your grab misses the gnoll.
The gnoll hits you with a +0 whip.
There are monsters nearby!
You are too injured to fight recklessly!
You are too injured to fight recklessly!
You are too injured to fight recklessly!
Aiming: Charm
Press: ? - help, Shift-Dir - straight line, f - gnoll
Aim: a gnoll, wielding a +0 whip (chance to affect: 67%)
The gnoll struggles to resist.
The gnoll hits you with a +0 whip.
* * * LOW HITPOINT WARNING * * *
Unknown command.
Aiming: Charm
Press: ? - help, Shift-Dir - straight line, f/p - gnoll
Aim: a gnoll, wielding a +0 whip (chance to affect: 67%)
The gnoll struggles to resist.
The ball python bites you.
You die...

.. ##. ... ##..
....##....#...###
....#...#.......#
...?............#
.P.P....#.......
P..lPPgS#......
....PP.@##..#.#
P..PPP...#.†#.####
P....P.............
P....P.............
..P.....#..........
...................
#.##...............
.. #...#...........
#.###....†......


You could see a gnoll, a ball python and a frilled lizard.

Vanquished Creatures
  A dart slug (D:1)
  A giant cockroach (D:1)
  A rat (D:1)
3 creatures vanquished.

Notes
Turn   | Place    | Note
-------+----------+-------------------------------------------
     0 | D:1      | H0rd4k the Octopode Artificer began the quest for the Orb.
     0 | D:1      | Reached XP level 1. HP: 13/13 MP: 1/1
    33 | D:1      | Slain by a ball python

Illustrated notes

Levels and vault maps discovered:
D:1:      erik_arrival_triangle_medium, layout_rooms, serial_shops,
          nicolae_shop_hallway_plus, nicolae_grassy_gnolls

Action                     || total
---------------------------++-------
  Melee: Unarmed           ||     5
         Constrict         ||     2
         Tentacles         ||     2
  Evoke: Wand              ||     2
   Stab: Sleeping          ||     1
  Dodge: Dodged            ||     1
